axehack, lawful male dwarven Barbarian ------ ----- |....--- --...-- --.....--- ---|.....-- |.......-- |..|......| --.......---- --..--.....| |........|.-- |..|.....--- --^.......... |.-|.--.-- |...--...... |.||.|-.| --..||...... |.||.|..| --------... |.--.|--- |....--- |....| |.. Glh| ---..-- ----.....G.. |...-- --........G.. --...| |......%%.... ^ ---.--------------.....%.G... ^ |.................%........ --..--------------..---- ---- ---- axehack the Brigand Experience level: 10 Strength: 18 Dexterity: 16 Constitution: 19 Intelligence: 7 Wisdom: 10 Charisma: 7 Health: 0(134) Energy: 12(12) Def: 4 Gold: 0 Moves: 17669 Dungeon seed: NKQEDspihM5o1GBD Game ID: axehack_1450362163 Your Inventory: Amulets O - a cursed amulet of strangulation Weapons i - a blessed rusty corroded +1 battle-axe (weapon in hands) L - 9 uncursed +0 darts (in quiver) V - an uncursed +0 elven dagger Armor q - an uncursed +1 leather armor r - an uncursed +0 leather armor A - an uncursed +0 dented pot (being worn) C - an uncursed +0 leather armor D - a cursed -4 leather armor E - an uncursed +0 leather armor G - an uncursed +0 pair of low boots (being worn) X - a blessed +0 elven mithril-coat Y - an uncursed +1 pair of leather gloves (being worn) Comestibles f - an uncursed egg z - an uncursed cram ration R - an uncursed lembas wafer S - 2 uncursed lizard corpses Scrolls J - an uncursed scroll of destroy armor K - an uncursed scroll of identify Rings P - an uncursed ring of slow digestion (on left hand) Wands p - an uncursed wand of light (0:13) s - an uncursed wand of fire (0:2) I - an uncursed wand of light (0:15) M - an uncursed wand of magic missile (0:2) N - an uncursed wand of teleportation (0:7) Tools b - an uncursed oil lamp (0:0) j - an uncursed frost horn (0:5) k - an uncursed skeleton key y - an uncursed skeleton key B - an uncursed bag of holding Q - an uncursed towel W - an uncursed stethoscope Gems e - 2 uncursed worthless pieces of yellow glass n - an uncursed worthless piece of blue glass F - an uncursed worthless piece of violet glass H - an uncursed jasper stone Contents of the bag of holding: 5150 gold pieces an uncursed +0 battle-axe 4 uncursed +0 daggers 4 uncursed +0 elven daggers an uncursed +0 worm tooth 2 uncursed apples 2 uncursed candy bars 6 uncursed candy canes an uncursed carrot 5 uncursed cherries 2 uncursed cloves of garlic an uncursed cram ration 4 uncursed food rations 2 uncursed fortune cookies an uncursed lembas wafer an uncursed lichen corpse an uncursed orange 4 uncursed tripe rations a cursed scroll of blank paper an uncursed scroll of gold detection an uncursed scroll of light an uncursed scroll of punishment an uncursed scroll of water an uncursed spellbook of cancellation an uncursed potion of full healing an uncursed potion of gain energy an uncursed potion of levitation an uncursed potion of polymorph 2 uncursed potions of restore ability a blessed +1 ring of protection an uncursed wand of enlightenment (0:8) an uncursed wand of fire (0:5) an uncursed wand of polymorph (0:3) an uncursed wand of striking (0:3) an uncursed wand of teleportation (0:1) an uncursed magic marker (0:80) an uncursed magic whistle an uncursed +0 pick-axe an uncursed sack an uncursed skeleton key an uncursed stethoscope an uncursed sapphire an uncursed worthless piece of black glass 2 uncursed worthless pieces of orange glass an uncursed worthless piece of white glass an uncursed worthless piece of yellowish brown glass Spells and supernatural/magical abilities: Name Level Category Fail Memory W - pray for help -- divine ? -- Your skills at the end: Miscellaneous Skills bare handed combat [Basic] Weapon Skills axe [Expert] short sword [Basic] Spellcasting Skills Final Attributes: You had sinned. You were cold resistant. You were poison resistant. You had infravision. You had slower digestion. You were fast. You were unlucky. You are dead. Vanquished creatures: a watch captain 2 giant mimics a wumpus a long worm a stalker an elf-lord a winter wolf a xan an ogre lord 17 trolls a wood golem 2 pyrolisks 2 freezing spheres a flaming sphere a shocking sphere a large cat a gelatinous cube a chameleon a crocodile 2 mountain centaurs a python 2 wraiths 2 leather golems 2 soldiers 4 watchmen an incubus a giant beetle 7 winter wolf cubs 2 gremlins a leprechaun 2 quivering blobs 2 lizards 2 orc-captains a mumak 2 scorpions a horse a forest centaur a gnome king a dwarf mummy an ogre 3 brown puddings 2 rust monsters 2 yetis 2 werewolves a Green-elf a chickatrice 2 dogs 3 housecats 3 jaguars a blue jelly a water nymph a dust vortex 3 ravens 2 plains centaurs 8 apes a rope golem a Woodland-elf 2 soldier ants 3 fire ants 16 bugbears 4 wood nymphs 11 Mordor orcs 3 Uruk-hai 3 orc shamans 2 rock moles a rock piercer 6 ponies a fog cloud 4 yellow lights 8 gnome lords 2 gnomish wizards a kobold mummy a red naga hatchling 3 gray oozes 4 barrow wights 6 elf zombies a ghoul a straw golem 3 paper golems 3 giant ants 5 little dogs 9 floating eyes 2 kittens 3 homunculi 2 kobold lords 2 kobold shamans 5 iguanas 17 hill orcs 12 rothes 2 rabid rats a centipede 4 giant bats 8 monkeys 3 orc zombies 5 dwarf zombies a wererat a werejackal 2 killer bees 2 coyotes 2 gas spores 4 hobbits an acid blob 5 large kobolds 12 geckos 17 hobgoblins 8 giant rats 6 cave spiders 3 brown molds a yellow mold a green mold 3 red molds 12 gnomes 17 garter snakes 7 manes 2 gnome zombies 16 jackals 2 foxes 5 kobolds 13 newts 8 goblins 12 sewer rats 8 grid bugs 4 bats 8 lichens 3 kobold zombies 469 creatures vanquished. Voluntary challenges: You used a wielded weapon 741 times, starting on turn 59. You did not apply a unicorn horn. You read items or engraved 9 times, starting on turn 2974. You never genocided any monsters. You never polymorphed an object. You changed form 1 time, starting on turn 17086. You completed Sokoban on turn 11523, according to the rules. You used no wishes. You split 2 puddings, starting on turn 8124. You wrote Elbereth's name 8 times, starting on turn 2974. You violated your moral code, losing 15 points of alignment, starting on turn 5220. Dungeon overview: The Dungeons of Doom: levels 1 to 14 Level 1 (stash) a fountain a long staircase Level 2 an altar to Mitra stairs to The Gnomish Mines Level 3 portal to Advent Calendar Level 4 a sink Level 5 Level 6 a general store Level 7 a fountain, a sink Level 8 a fountain Level 9 many fountains Level 10 a throne stairs to Sokoban Level 11 a fountain Level 12 Level 13 a fountain, a throne Level 14 The Gnomish Mines: levels 3 to 10 Level 3 stairs to The Dungeons of Doom Level 4 Level 5 some shops, a temple to Crom, a magic chest, some fountains, a sink Level 6 Level 7 Level 8 Level 9 Level 10 <- You were here Sokoban: levels 6 to 9 Level 6 Level 7 a sink Level 8 Level 9 a magic chest stairs to The Dungeons of Doom Advent Calendar: Level 4 many trees portal to The Dungeons of Doom History has recorded: On T:1 you entered the Dungeons of Doom to retrieve the Amulet of Yendor! On T:134 you reached level 2 of The Dungeons of Doom. On T:398 you advanced to experience level 2. On T:501 you reached level 3 of The Dungeons of Doom. On T:665 you reached level 1 of The Gnomish Mines. On T:920 you advanced to experience level 3. On T:1118 you reached level 2 of The Gnomish Mines. On T:1362 you reached level 4 of The Dungeons of Doom. On T:1394 you reached level 1 of Advent Calendar. On T:1641 you advanced to experience level 4. On T:2002 you reached level 5 of The Dungeons of Doom. On T:2317 you reached level 6 of The Dungeons of Doom. On T:2465 you reached level 7 of The Dungeons of Doom. On T:2840 you reached level 8 of The Dungeons of Doom. On T:2886 you reached level 10 of The Dungeons of Doom. On T:2920 you advanced to experience level 5. On T:2943 you advanced to experience level 6. On T:3158 you reached level 11 of The Dungeons of Doom. On T:3257 you reached level 9 of The Dungeons of Doom. On T:3529 you advanced to experience level 7. On T:4727 you reached level 3 of The Gnomish Mines. On T:4832 you entered the Minetown temple On T:4859 you opened a magic chest. On T:4860 you opened a magic chest. On T:5112 you opened a magic chest. On T:5203 you opened a magic chest. On T:6085 you advanced to experience level 8. On T:7792 you reached level 4 of Sokoban. On T:7838 you opened a magic chest. On T:7839 you opened a magic chest. On T:7841 you opened a magic chest. On T:8527 you reached level 3 of Sokoban. On T:9178 you reached level 2 of Sokoban. On T:9939 you advanced to experience level 9. On T:10031 you reached level 1 of Sokoban. On T:11523 you advanced to experience level 10. On T:11523 you entered the Sokoban zoo. On T:11810 you opened a magic chest. On T:12059 you reached level 12 of The Dungeons of Doom. On T:12235 you reached level 13 of The Dungeons of Doom. On T:14329 you reached level 14 of The Dungeons of Doom. On T:15478 you opened a magic chest. On T:15479 you opened a magic chest. On T:15480 you opened a magic chest. On T:15544 you opened a magic chest. On T:15603 you reached level 4 of The Gnomish Mines. On T:15807 you reached level 5 of The Gnomish Mines. On T:16360 you opened a magic chest. On T:16362 you opened a magic chest. On T:16369 you opened a magic chest. On T:16388 you opened a magic chest. On T:16389 you opened a magic chest. On T:16593 you opened a magic chest. On T:16820 you reached level 6 of The Gnomish Mines. On T:16977 you reached level 7 of The Gnomish Mines. On T:17296 you reached level 8 of The Gnomish Mines. Score breakdown: Gold: 5150 ( 515 points) Experience: 10 levels ( 900 points) Exploration: 14 levels ( 390 points) Discoveries: 23 items ( 1150 points) Variety of kills: 125 monsters ( 2000 points) Major goal: finished Sokoban ( 1000 points) Survival: died (score multiplied by 3) Total score: 17865 Latest messages: You put a black gem into the bag called holding. You put a blue gem into the bag called holding. Your movements are now unencumbered. You swing your battle-axe in a wide arc. You smite the crocodile! The crocodile bites! The crocodile claws you! The crocodile bites! The crocodile claws you! You die... The sack is empty. The sack is empty. Final status: Goodbye axehack the Barbarian, killed by a crocodile... You died in The Gnomish Mines on dungeon level 10 with 17865 points, and 5150 pieces of gold, after 17669 moves. You were level 10 with a maximum of 134 hit points when you died.